 Dungeon Crawl Stone Soup version 0.24-a0-530-g18ba70b503 (webtiles) character file.

Game seed: 5952589052994743409

1519 Mithandil the Destroyer (level 8, -1/45 HPs)
             Began as a Tengu Conjurer on Aug 7, 2019.
             Was an Initiate of Vehumet.
             Slain by a sky beast (6 damage)
             ... on level 5 of the Dungeon.
             The game lasted 00:38:38 (7012 turns).

Mithandil the Destroyer (Tengu Conjurer)            Turns: 7012, Time: 00:38:39

Health: -1/45      AC:  5    Str: 10    XL:     8   Next: 84%
Magic:  12/15      EV: 13    Int: 16    God:    Vehumet [......]
Gold:   107        SH:  0    Dex: 15    Spells: 9/16 levels left

rFire    . . .     SeeInvis .   a - +0 quarterstaff
rCold    . . .     Gourm    .   (shield currently unavailable)
rNeg     . . .     Faith    .   q - +1 leather armour
rPois    .         Spirit   .   (helmet restricted)
rElec    .         Reflect  .   (no cloak)
rCorr    .         Harm     .   e - +0 pair of gloves
MR       .....                  (boots unavailable)
Stlth    +++.......             (no amulet)
HPRegen  0.15/turn              (no ring)
MPRegen  0.14/turn              s - ring of stealth

@: no status effects
A: beak, talons 3, able to fly
a: Fly, Renounce Religion


You were on level 5 of the Dungeon.
You worshipped Vehumet.
Vehumet was noncommittal.
You were not hungry.

You visited 1 branch of the dungeon, and saw 7 of its levels.

You collected 292 gold pieces.
You spent 185 gold pieces at shops.

Inventory:

Hand Weapons
 a - a +0 quarterstaff (weapon)
 b - a +0 spear
 h - a +0 hand axe
 t - a +0 scimitar
 u - a +0 trident
 w - a +0 dagger
 y - a +0 short sword
 z - the +7 dagger of Duty {antimagic, *Noise +Blink rPois rF+}
   (You found it on level 5 of the Dungeon)

   It reduces the magical energy of the wielder, and disrupts the spells and
   magical abilities of those hit.
   Natural abilities and divine invocations are not affected.
   It protects you from fire.
   It protects you from poison.
   It lets you blink.
   It may make noises in combat.
 B - a +5 shortbow of flaming
 C - a +1 flail of protection
 E - a +0 falchion
 G - a +0 hand axe of venom
Missiles
 k - 19 poisoned darts (quivered)
 p - 114 arrows
Armour
 e - a +0 pair of gloves (worn)
 q - a +1 leather armour (worn)
Jewellery
 s - a ring of stealth (right hand)
Wands
 m - a wand of iceblast (17)
Scrolls
 g - 5 scrolls of identify
 n - 2 scrolls of fear
 o - 3 scrolls of blinking
 x - 6 scrolls of remove curse
 A - a scroll of teleportation
 F - a scroll of enchant weapon
Potions
 d - 3 potions of curing
 f - a potion of invisibility {unknown}
 i - 3 potions of heal wounds {unknown}
 j - a potion of degeneration {unknown}
 l - a potion of mutation {unknown}
 r - 5 potions of haste
 v - a potion of agility {unknown}
 D - a potion of flight {unknown}
Comestibles
 c - 8 rations


   Skills:
 + Level 2.9 Fighting
 + Level 3.2(3.8) Polearms
 + Level 3.0(3.7) Staves
 + Level 3.0 Throwing
 + Level 4.1 Dodging
 + Level 3.8 Stealth
 * Level 4.6 Spellcasting
 * Level 8.1 Conjurations
 + Level 2.2 Translocations


You had 9 spell levels left.
You knew the following spells:

 Your Spells              Type           Power        Failure   Level  Hunger
a - Magic Dart            Conj           ####         1%          1    None
b - Searing Ray           Conj           ####..       1%          2    ##.....
c - Force Lance           Conj/Tloc      ###.....     26%         4    ####...

Your spell library contained the following spells:

 Spells                   Type           Power        Failure   Level  Hunger
 Iskenderun's Mystic Bla  Conj           ####....     8%          4    ####...
 Dazzling Spray           Conj/Hex       ###...       12%         3    ###....
 Fulminant Prism          Conj/Hex       ###.......   38%         4    ####...


Dungeon Overview and Level Annotations

Branches:
Dungeon (7/15)             Temple (0/1) D:7

Altars:
Ashenzari
Trog
Uskayaw
Vehumet

Shops:
D:4 ?(([   D:7 (


Innate Abilities, Weirdness & Mutations

You have a beak for a mouth.
You have claws for feet.
You can fly continuously.


Message History

Reactivating autopickup.
The sky beast completely misses you.
You climb upwards.
There is a stone staircase leading down, spattered with blood here.
Casting: Magic Dart (safe; 1% risk of failure)
Confirm with . or Enter, or press ? or * to list all spells.
Aiming: Searing Ray (safe; 1% risk of failure)
Press: ? - help, Shift-Dir - straight line, f - orc warrior
Aim: an orc warrior, wielding a +0 long sword and wearing a +0 chain mail The searing ray hits the orc warrior.
The orc warrior is lightly wounded. (Press . to maintain the ray.)
The orc closely misses you.
The sky beast hits you but does no damage.
The orc warrior hits you with a +0 long sword!!
* * * LOW HITPOINT WARNING * * *
The searing ray misses the orc warrior.
The sky beast hits you.
* * * LOW HITPOINT WARNING * * *
The sky beast shocks you.
You die...

.#..## ##.# #..# #.# .#..# #..#
##.######.### ....#
#.######....#.....# # ....###
##.##...........##.#####
####..####..............##...##..
##..................##.....##.
##.###..............#.......#.
#..##.......รท.o........._.....
#.)#........Y@......#.......#.
#.............o.....##.....##.
####....................##...##..
##.......................##.##...
.................................
.................................
.................................
...........................<.....
.................................


You could see an orc warrior, a sky beast and an orc.

Vanquished Creatures
  Edmund (D:4)
  Menkaure (D:7)
  A water moccasin (D:7)
  A phantom (D:4)
  A centaur (D:5)
  2 bullfrogs
  2 howler monkeys
  3 crimson imps (D:5)
  2 jellies
  4 orc wizards
  2 orc priests
  2 hounds
  4 iguanas
  3 worker ants (D:5)
  5 gnolls
  7 adders
  An adder skeleton (D:4)
  An adder zombie (D:7)
  A worm (D:4)
  2 dart slugs
  4 leopard geckos
  19 orcs
  5 giant cockroaches
  11 goblins
  7 hobgoblins
  5 jackals
  A quokka (D:4)
  A ball python (D:1)
  6 bats
  5 frilled lizards
  A jackal zombie (D:4)
  2 kobolds (D:2)
  8 rats
121 creatures vanquished.

Notes
Turn   | Place    | Note
-------+----------+-------------------------------------------
     0 | D:1      | Mithandil the Tengu Conjurer began the quest for the Orb.
     0 | D:1      | Reached XP level 1. HP: 10/10 MP: 4/4
   264 | D:1      | Reached XP level 2. HP: 15/15 MP: 4/6
   333 | D:2      | Found a shattered altar of Ashenzari.
   536 | D:1      | Learned a level 2 spell: Searing Ray
   676 | D:1      | Reached XP level 3. HP: 20/20 MP: 3/7
  1798 | D:2      | Reached skill level 1 in Polearms
  2304 | D:3      | Reached XP level 4. HP: 24/24 MP: 4/8
  2344 | D:3      | Learned a level 4 spell: Force Lance
  2452 | D:3      | Reached skill level 1 in Fighting
  2614 | D:3      | Reached skill level 1 in Throwing
  2654 | D:4      | Found Ingarchum's Antique Weapon Shop.
  2803 | D:4      | Found Fuc Kar's Magic Scroll Shoppe.
  2993 | D:3      | Reached skill level 6 in Conjurations
  3326 | D:3      | Gained mutation: You can fly continuously. [Tengu growth]
  3326 | D:3      | Reached XP level 5. HP: 28/29 MP: 2/9
  3535 | D:5      | Entered Level 5 of the Dungeon
  3633 | D:4      | Noticed a phantom
  3730 | D:4      | Reached XP level 6. HP: 30/34 MP: 6/11
  3785 | D:5      | Got a faintly glowing dagger
  3867 | D:4      | Killed a phantom
  3867 | D:4      | Reached skill level 1 in Staves
  3954 | D:4      | Noticed Edmund
  3972 | D:4      | Reached skill level 1 in Translocations
  4056 | D:4      | Found Apsogacw's Antique Weapon Boutique.
  4058 | D:4      | Found Pijiumn's Armour Boutique.
  4060 | D:4      | Bought a runed shortbow for 120 gold pieces
  4128 | D:4      | Killed Edmund
  4128 | D:4      | Reached XP level 7. HP: 10/39 MP: 0/13
  4352 | D:4      | Found a hide-covered altar of Uskayaw.
  4430 | D:4      | Bought a scroll of remove curse for 39 gold pieces
  4430 | D:4      | Bought a scroll of identify for 26 gold pieces
  4430 | D:4      | Identified the +7 dagger of Duty {antimagic, *Noise +Blink
                  | rPois rF+} (You found it on level 5 of the Dungeon)
  4549 | D:4      | Found a bloodstained altar of Trog.
  4733 | D:5      | Found a radiant altar of Vehumet.
  4741 | D:5      | Became a worshipper of Vehumet
  4833 | D:5      | Reached skill level 7 in Conjurations
  5982 | D:7      | Reached XP level 8. HP: 30/45 MP: 6/14
  6062 | D:7      | Found a staircase to the Ecumenical Temple.
  6337 | D:7      | HP: 2/45 [iguana (8)]
  6501 | D:7      | Found Asagh's Antique Weapon Shop.
  6555 | D:7      | Noticed a troll
  6597 | D:7      | Noticed Menkaure
  6608 | D:7      | Killed Menkaure
  6754 | D:6      | Reached skill level 8 in Conjurations
  7012 | D:5      | Slain by a sky beast

Levels and vault maps discovered:
D:1:      enne_arrival_octagon_isle, layout_basic, minmay_pentomino_z4
D:2:      layout_loops_corners, lemuel_doored_altar
D:3:      layout_basic, st_stairs_7, hangedman_decor_growths,
          minmay_splitting_lines
D:4:      layout_rooms, kennysheep_mini, serial_shops, shop_statue, shop, shop,
          nicolae_shop_window_shopping, first_ration, trog_book, uniq_edmund
D:5:      layout_layer_cave, lemuel_round_altar
D:6:      layout_cave_pools, elyvilon_altar_5, lemuel_round_altar
D:7:      layout_basic, minmay_temple_entry_glassed_door, serial_shops, shop,
          enter_bailey_2, lightli_corner_chamber, uniq_menkaure

Skill      XL: |  1  2  3  4  5  6  7  8 |
---------------+-------------------------+-----
Polearms       | 1 2 3 |  3.2
Fighting       | 1 2 |  2.9
Throwing       | 1 2 3 |  3.0
Conjurations   | 6 7 8 |  8.1
Dodging        | 3 4 |  4.1
Staves         | 1 2 3 |  3.0
Spellcasting   | 3 4 |  4.6
Translocations | 1 2 |  2.2
Stealth        | 3 |  3.8

Action                   |  1- 3 |  4- 6 |  7- 9 || total
-------------------------+-------+-------+-------++-------
Melee: Spear             |    12 |    30 |       ||    42
       Kick              |     4 |    17 |    13 ||    34
       Peck              |     2 |     8 |     6 ||    16
       Quarterstaff      |       |    48 |    44 ||    92
 Cast: Magic Dart        |    64 |    85 |    64 ||   213
       Searing Ray       |       |    10 |    19 ||    29
 Abil: Fly               |       |     1 |       ||     1
       Stop Flying       |       |     1 |       ||     1
  Use: Scroll            |       |       |    12 ||    12
       Potion            |       |       |     3 ||     3
 Stab: Sleeping          |       |     1 |       ||     1
  Eat: Chunk             |     4 |     8 |    10 ||    22
Armor: Robe              |     2 |       |       ||     2
       Leather armour    |       |    14 |    14 ||    28
Dodge: Dodged            |     7 |    43 |    60 ||   110

Table legend:
 A = Non-vault XP
 B = Vault XP
 C = Vault XP percentage of total XP
 D = Non-vault monster count
 E = Vault monster count
 F = Vault count percentage of total count
                 A         B        C        D         E       F
            +---------+---------+-------+---------+---------+-------
      Total |    1809 |     362 |  16.7 |     114 |       7 |   5.8
            +---------+---------+-------+---------+---------+-------
        D:1 |      53 |       6 |  10.2 |      26 |       3 |  10.3
        D:2 |      14 |       0 |   0.0 |       8 |       0 |   0.0
        D:3 |     116 |       6 |   4.9 |      25 |       2 |   7.4
        D:4 |     299 |     178 |  37.3 |      19 |       1 |   5.0
        D:5 |     551 |       0 |   0.0 |      14 |       0 |   0.0
        D:6 |     227 |       0 |   0.0 |       6 |       0 |   0.0
        D:7 |     549 |     172 |  23.9 |      16 |       1 |   5.9
            +---------+---------+-------+---------+---------+-------
